 Dungeon Crawl Stone Soup version 0.31-a0-236-g9a0961fb85 (webtiles) character file.

Game seed: 7593685422263094679

3600 qw the Skirmisher (level 9, -5/79 HPs)
             Began as a Minotaur Hexslinger on July 10, 2023.
             Was a Believer of Okawaru.
             Slain by Erolcha
             ... wielding a +4 giant spiked club
              (16 damage)
             ... on level 8 of the Dungeon.
             The game lasted 00:02:23 (7100 turns).

qw the Skirmisher (Minotaur Hexslinger)             Turns: 7100, Time: 00:02:24

Health: -5/79      AC: 12    Str: 13    XL:     9   Next: 85%
Magic:  11/11      EV: 12    Int: 10    God:    Okawaru [**....]
Gold:   247        SH:  0    Dex: 17    Spells: 9/10 levels left

rFire   . . .        o - +3 longbow (heavy)
rCold   + . .        (shield currently unavailable)
rNeg    . . .        k - +0 swamp dragon scales
rPois   +            (helmet restricted)
rElec   .            j - +0 cloak
rCorr   .            (no gloves)
SInv    .            l - +0 pair of boots
Will    .....        b - amulet of regeneration
Stlth   +            e - +4 ring of slaying {mikee}
HPRegen 1.13/turn    (no ring)
MPRegen 0.12/turn

%: no passive effects
@: no status effects
A: horns 2, retaliatory headbutt, iridescent scales 1, cold resistance 1, poison
resistance
a: Renounce Religion, Heroism


You were on level 8 of the Dungeon.
You worshipped Okawaru.
Okawaru was pleased with you.
You visited 2 branches of the dungeon, and saw 10 of its levels.

You collected 415 gold pieces.
You spent 168 gold pieces at shops.


Innate Abilities, Weirdness & Mutations

You have a pair of horns on your head.
You reflexively headbutt those who attack you in melee.
You are partially covered in iridescent scales. (AC +2)
Your flesh is cold resistant. (rC+)
Your system is resistant to poisons. (rPois)


   Skills:
 + Level 7.6 Fighting
 - Level 12.0 Ranged Weapons
 - Level 4.0 Armour
 - Level 4.2 Dodging
 - Level 1.0 Spellcasting
 - Level 2.0 Hexes
 - Level 4.0 Invocations


You had 9 spell levels left.
You knew the following spells:

 Your Spells              Type           Power      Damage    Failure   Level
a - Slow                  Hex            16%        N/A       30%         1

Your spell library contained the following spells:

 Spells                   Type           Power      Damage    Failure   Level
 Inner Flame              Hex/Fire       2%         N/A       80%         3
 Portal Projectile        Hex/Tloc       4%         N/A       80%         3
 Cause Fear               Hex            2%         N/A       97%         4

Inventory:

Hand Weapons
 o - a +3 heavy longbow (weapon)
Armour
 j - a +0 cloak (worn)
 k - +0 swamp dragon scales (worn)
 l - a +0 pair of boots (worn)
Jewellery
 b - an amulet of regeneration (around neck)
 e - a +4 ring of slaying (left hand) {mikee}
Scrolls
 f - a scroll of teleportation
 n - 3 scrolls of identify
Potions
 a - a potion of enlightenment
 c - 2 potions of might
 d - 2 potions of haste
 g - 3 potions of curing
 h - a potion of heal wounds
 i - a potion of magic
 m - a potion of resistance

Dungeon Overview and Level Annotations

Branches:
Dungeon (9/15)             Temple (1/1) D:6
   Lair: D:8-11         Orc: D:9-12

Altars:
Ashenzari
Cheibriados
Dithmenos
Elyvilon
Fedhas
Gozag
Hepliaklqana
Kikubaaqudgha
Makhleb
Nemelex Xobeh
Okawaru
Qazlal
Ru
Sif Muna
Trog
Uskayaw
Vehumet
Wu Jian
Xom
Yredelemnul
Zin
The Shining One

Shops:
D:1 [   D:5 !

Annotations:
D:8 Erolcha


Message History

The killer bee misses you. The killer bee stings you.
You climb upwards.
Reactivating autopickup.
There is a stone staircase leading down, spattered with blood here.
You shoot an arrow. The arrow hits the killer bee!!
You kill the killer bee!
Okawaru accepts your kill. Something completely misses you.
There is a strange disturbance nearby!
You hear some strange, mumbled words.
7085 ||| Stepping randomly (disturbance).
7086 ||| Stepping randomly (disturbance).
There is a stone staircase leading down, spattered with blood here.
7087 ||| Stepping randomly (disturbance).
You start resting.
There is a strange disturbance nearby!
7091 ||| Stepping randomly (disturbance).
7092 ||| Stepping randomly (disturbance).
7093 ||| Stepping randomly (disturbance).
7094 ||| Stepping randomly (disturbance).
Something hits you.
Deactivating autopickup; reactivate with Ctrl-A.
Autopickup is now on.
You start resting.
Something hits you!!!
Deactivating autopickup; reactivate with Ctrl-A.
Autopickup is now on.
You start resting.
Something hits you!
Deactivating autopickup; reactivate with Ctrl-A.
You shoot an arrow. Something hits you!
You shoot an arrow.
You hear some strange, mumbled words.
You shoot an arrow.
Erolcha appears from thin air!
Reactivating autopickup.
Erolcha screams, "Stand!
Erolcha hit you!"
Erolcha hits you with a +4 giant spiked club!
You die...

##...##...#..# ###..
##..##...#..# #.#.#
#..#......## #....
##.....#..# #..## ####
##..%....# ##..## ##..###
#.%>....## #..###
#.##.>######........###.....
######...##.................
##....@O...............
##.......##......##...
##.....#####.....###..
###.....## #.....#####
##...##..# #......# #.
###..####..# ##..#..####
#....####..# #..#..#..#
##........## #...#.....
######...## ##.........


You could see Erolcha.

Vanquished Creatures
  Joseph (D:7)
  Maggie (D:7)
  A water moccasin (D:7)
  A sky beast (D:8)
  An orc warrior (D:8)
  2 ice beasts (D:7)
  An ogre (D:6)
  2 centaurs
  A phantom (D:7)
  A kobold brigand (D:8)
  3 bullfrogs
  A gnoll sergeant (D:7)
  2 scorpions
  9 wights
  10 killer bees
  4 howler monkeys
  3 hounds
  A jelly (D:5)
  Terence (D:2)
  2 orc priests
  7 orc wizards
  Robin (D:3)
  12 gnolls
  4 adders
  A shadow imp (D:7)
  2 ufetubi (D:5)
  3 dart slugs
  28 orcs
  7 endoplasms
  4 giant cockroaches
  20 goblins
  9 hobgoblins
  6 jackals
  3 quokkas
  6 ball pythons
  3 bats
  3 frilled lizards
  16 kobolds
  2 rats
185 creatures vanquished.

Notes
Turn   | Place    | Note
-------+----------+-------------------------------------------
     0 | D:1      | qw the Minotaur Hexslinger began the quest for the Orb.
     0 | D:1      | Reached XP level 1. HP: 16/16 MP: 1/1
     0 | D:1      | 0 ||| qw: Version: 0.3-a-52-g30416fa
     0 | D:1      | 0 ||| qw: Game counter: 4933
     0 | D:1      | 0 ||| qw: Melee chars always use a shield: true
     0 | D:1      | 0 ||| qw: God list: Okawaru
     0 | D:1      | 0 ||| qw: Allow faded altars: false
     0 | D:1      | 0 ||| qw: Do Orc after clearing Dungeon:15 true
     0 | D:1      | 0 ||| qw: Do second Lair branch before Depths: true
     0 | D:1      | 0 ||| qw: Lair rune preference: random
     0 | D:1      | 0 ||| qw: Goals: Normal
     0 | D:1      | 0 ||| PLANNING D:1-11
   155 | D:1      | Found a faded altar of an unknown god.
   180 | D:1      | Reached skill level 3 in Ranged Weapons
   195 | D:1      | Reached XP level 2. HP: 23/23 MP: 2/2
   510 | D:1      | Found Jekuf's Armour Boutique.
   516 | D:1      | 516 ||| SHOPLISTING +0 ring mail (56 gold, have 41).
   516 | D:1      | 516 ||| SHOPLISTING +3 leather armour of the Valley {rN+
                  | Will+} (473 gold, have 41).
   550 | D:1      | Reached XP level 3. HP: 29/29 MP: 3/3
   871 | D:1      | 871 ||| UPGRADING to +0 leather armour.
   881 | D:1      | 881 ||| DROPPING +0 robe.
   882 | D:1      | 882 ||| READING scroll labelled TUGIET ROMUF.
   883 | D:1      | 883 ||| READING scroll labelled NEASKO DEBEL QAVIT.
   884 | D:1      | 884 ||| DRINKING 2 brown potions.
   885 | D:1      | 885 ||| DROPPING scroll of poison.
   992 | D:2      | Noticed Terence
  1006 | D:2      | Killed Terence
  1007 | D:2      | Reached skill level 4 in Ranged Weapons
  1128 | D:2      | Reached XP level 4. HP: 32/36 MP: 4/4
  1592 | D:2      | 1592 ||| UPGRADING to +0 ring mail.
  1602 | D:2      | 1602 ||| DROPPING +0 leather armour.
  1603 | D:2      | 1603 ||| UPGRADING to +0 cloak.
  1608 | D:2      | 1608 ||| READING scroll labelled VIRINW QAC RAI.
  1608 | D:2      | Identified a scroll of acquirement
  1608 | D:2      | 1608 ||| ACQUIRING +3 longbow of draining
  1608 | D:2      | Acquired a +3 longbow of draining
  1610 | D:2      | 1610 ||| SWAPPING to +3 longbow of draining.
  1611 | D:2      | 1611 ||| DROPPING +1 sling.
  1612 | D:2      | 1612 ||| DRINKING 3 bubbling white potions.
  1699 | D:3      | Reached skill level 1 in Armour
  1834 | D:3      | Noticed Robin
  1840 | D:3      | Reached skill level 5 in Ranged Weapons
  1844 | D:3      | HP: 7/36 [goblin/+0 club[Robin] (3)]
  1845 | D:3      | 1845 ||| DRINKING 2 potions of heal wounds.
  1848 | D:3      | 1848 ||| DRINKING potion of heal wounds.
  1849 | D:3      | Killed Robin
  1917 | D:3      | 1917 ||| READING scroll of acquirement.
  1917 | D:3      | 1917 ||| ACQUIRING +4 ring of slaying
  1917 | D:3      | Acquired a +4 ring of slaying
  1919 | D:3      | 1919 ||| UPGRADING to +4 ring of slaying {mikee}.
  2221 | D:3      | Reached XP level 5. HP: 44/44 MP: 5/5
  2341 | D:3      | 2341 ||| DRINKING 2 grey potions.
  2341 | D:3      | Gained mutation: You do not regenerate when monsters are
                  | visible. [potion of mutation]
  2341 | D:3      | Gained mutation: Your spells are a little easier to cast,
                  | but a little less powerful. [potion of mutation]
  2342 | D:3      | 2342 ||| DRINKING potion of mutation.
  2342 | D:3      | Lost mutation: Your spells are a little easier to cast, but
                  | a little less powerful. [potion of mutation]
  2342 | D:3      | Lost mutation: You do not regenerate when monsters are
                  | visible. [potion of mutation]
  2342 | D:3      | Gained mutation: Your flesh is cold resistant. (rC+)
                  | [potion of mutation]
  2342 | D:3      | Gained mutation: You are partially covered in iridescent
                  | scales. (AC +2) [potion of mutation]
  2342 | D:3      | Gained mutation: Your system is resistant to poisons.
                  | (rPois) [potion of mutation]
  2443 | D:4      | Found a basalt altar of Yredelemnul.
  2484 | D:4      | Reached skill level 3 in Fighting
  2987 | D:4      | 2987 ||| READING scroll labelled QINWOU TYINWUO.
  2988 | D:4      | 2988 ||| READING 2 scrolls labelled SYNIUD UCHA.
  2989 | D:4      | 2989 ||| READING scroll labelled RYTAQYK BA NAM.
  2990 | D:4      | 2990 ||| READING scroll labelled QUCAXKY TEGE.
  2991 | D:4      | 2991 ||| READING scroll labelled RUIPHIYNWU.
  2992 | D:4      | 2992 ||| READING 2 scrolls of identify.
  2992 | D:4      | 2992 ||| IDENTIFYING coppery potion
  2993 | D:4      | 2993 ||| DROPPING potion of attraction.
  2994 | D:4      | 2994 ||| DROPPING scroll of vulnerability.
  3034 | D:5      | Entered Level 5 of the Dungeon
  3039 | D:5      | Reached skill level 6 in Ranged Weapons
  3047 | D:5      | Found Yphistryck's Distillery.
  3056 | D:5      | 3056 ||| BUYING potion of curing (42 gold).
  3056 | D:5      | Bought a potion of curing for 42 gold pieces
  3056 | D:5      | 3056 ||| BUYING potion of enlightenment (70 gold).
  3056 | D:5      | Bought a potion of enlightenment for 70 gold pieces
  3056 | D:5      | 3056 ||| SHOPLISTING potion of haste (140 gold, have 79).
  3056 | D:5      | 3056 ||| BUYING potion of might (56 gold).
  3056 | D:5      | Bought a potion of might for 56 gold pieces
  3070 | D:5      | Reached XP level 6. HP: 52/52 MP: 6/6
  3120 | D:5      | 3120 ||| READING scroll labelled REHORCH RUTZUR.
  3121 | D:5      | 3121 ||| DRINKING 2 black potions.
  3122 | D:5      | 3122 ||| READING 2 scrolls of identify.
  3122 | D:5      | 3122 ||| IDENTIFYING metallic amethyst potion
  3123 | D:5      | 3123 ||| DROPPING potion of lignification.
  3124 | D:5      | 3124 ||| DROPPING potion of brilliance.
  3133 | D:5      | 3133 ||| STAIRDANCE
  3194 | D:5      | 3194 ||| FLEEEEING.
  3195 | D:5      | 3195 ||| FLEEEEING.
  3196 | D:5      | 3196 ||| STAIRDANCE
  3205 | D:5      | 3205 ||| Stepping ~*~*~tactically~*~*~ (outnumbered).
  3323 | D:5      | You fall into a shaft and drop 3 floors!
  3337 | D:8      | Noticed a sky beast
  3343 | D:8      | Killed a sky beast
  3344 | D:8      | Reached skill level 7 in Ranged Weapons
  3344 | D:8      | Reached XP level 7. HP: 51/59 MP: 7/7
  3427 | D:8      | 3427 ||| Stepping ~*~*~tactically~*~*~ (outnumbered).
  3429 | D:8      | 3429 ||| Stepping ~*~*~tactically~*~*~ (outnumbered).
  3577 | D:8      | 3577 ||| READING 2 scrolls of identify.
  3577 | D:8      | 3577 ||| IDENTIFYING yellow potion
  3578 | D:8      | 3578 ||| DROPPING potion of degeneration.
  3598 | D:7      | Reached skill level 8 in Ranged Weapons
  3646 | D:7      | Found a white marble altar of Elyvilon.
  3670 | D:7      | 3670 ||| READING 2 scrolls of identify.
  3670 | D:7      | 3670 ||| IDENTIFYING fizzy black potion
  3671 | D:7      | 3671 ||| DROPPING potion of magic.
  3673 | D:7      | 3673 ||| FLEEEEING.
  3674 | D:7      | 3674 ||| FLEEEEING.
  3675 | D:7      | 3675 ||| STAIRDANCE
  3691 | D:6      | Found a radiant altar of Vehumet.
  3706 | D:6      | Found a bloodstained altar of Trog.
  3710 | D:6      | 3710 ||| Stepping ~*~*~tactically~*~*~ (outnumbered).
  3712 | D:6      | 3712 ||| Stepping ~*~*~tactically~*~*~ (outnumbered).
  3715 | D:6      | 3715 ||| Stepping ~*~*~tactically~*~*~ (outnumbered).
  3718 | D:6      | 3718 ||| Stepping ~*~*~tactically~*~*~ (outnumbered).
  3720 | D:6      | 3720 ||| Stepping ~*~*~tactically~*~*~ (outnumbered).
  4210 | D:5      | 4210 ||| READING scroll labelled YVEOXZ KOMIRCH.
  4215 | D:5      | 4215 ||| READING scroll labelled CEIJET KAEDI.
  4216 | D:5      | 4216 ||| READING 2 scrolls of identify.
  4216 | D:5      | 4216 ||| IDENTIFYING bubbling purple potion
  4217 | D:5      | 4217 ||| DROPPING potion of invisibility.
  4508 | D:6      | Found a staircase to the Ecumenical Temple.
  4509 | D:6      | 4509 ||| PLANNING TEMPLE
  4517 | Temple   | Entered the Ecumenical Temple
  4517 | Temple   | Found a transporter.
  4517 | Temple   | Found a transporter.
  4519 | Temple   | Found a transporter.
  4519 | Temple   | Found a transporter.
  4529 | Temple   | 4529 ||| PLANNING D:1-11
  4534 | Temple   | 4534 ||| PLANNING OKAWARU WORSHIP
  4541 | Temple   | Became a worshipper of Warmaster Okawaru
  4542 | Temple   | 4542 ||| PLANNING D:1-11
  4739 | D:6      | Found a shimmering blue altar of Sif Muna.
  4822 | D:6      | Reached XP level 8. HP: 29/68 MP: 8/8
  4825 | D:6      | Reached skill level 9 in Ranged Weapons
  5174 | D:7      | 5174 ||| STAIRDANCE
  5177 | D:6      | Reached skill level 3 in Dodging
  5245 | D:7      | Reached * piety under Okawaru
  5250 | D:7      | Noticed Joseph
  5253 | D:7      | HP: 17/70 [Joseph/sling bullet (18)]
  5254 | D:7      | 5254 ||| READING 2 scrolls of teleportation.
  5255 | D:7      | 5255 ||| DRINKING 2 potions of heal wounds.
  5256 | D:7      | 5256 ||| INVOKING Heroism.
  5259 | D:7      | Reached skill level 6 in Fighting
  5261 | D:7      | Killed Joseph
  5262 | D:7      | Reached skill level 10 in Ranged Weapons
  5267 | D:7      | 5267 ||| FLEEEEING.
  5268 | D:7      | 5268 ||| FLEEEEING.
  5269 | D:7      | 5269 ||| FLEEEEING.
  5270 | D:7      | 5270 ||| FLEEEEING.
  5271 | D:7      | 5271 ||| FLEEEEING.
  5272 | D:7      | 5272 ||| FLEEEEING.
  5273 | D:7      | 5273 ||| FLEEEEING.
  5274 | D:7      | 5274 ||| FLEEEEING.
  5277 | D:7      | 5277 ||| INVOKING Heroism.
  5302 | D:7      | Noticed Maggie
  5303 | D:7      | 5303 ||| INVOKING Heroism.
  5381 | D:7      | Killed Maggie
  5382 | D:7      | Reached XP level 9. HP: 59/79 MP: 9/9
  5575 | D:7      | 5575 ||| Stepping ~*~*~tactically~*~*~ (outnumbered).
  5577 | D:7      | 5577 ||| Stepping ~*~*~tactically~*~*~ (outnumbered).
  5581 | D:7      | 5581 ||| INVOKING Heroism.
  5640 | D:7      | Reached skill level 3 in Invocations
  5865 | D:7      | 5865 ||| UPGRADING to +0 swamp dragon scales.
  5875 | D:7      | 5875 ||| DROPPING +0 ring mail.
  5876 | D:7      | 5876 ||| UPGRADING to +0 pair of boots.
  5881 | D:7      | 5881 ||| DROPPING +1 ring mail of poison resistance.
  5910 | D:8      | 5910 ||| INVOKING Heroism.
  5913 | D:8      | Reached skill level 3 in Armour
  5925 | D:8      | 5925 ||| STAIRDANCE
  5925 | D:8      | HP: 17/76 [gnoll bouda/+0 club (3)]
  5927 | D:7      | 5927 ||| READING 2 scrolls of teleportation.
  5928 | D:7      | 5928 ||| DRINKING 2 potions of heal wounds.
  6136 | D:8      | Reached skill level 11 in Ranged Weapons
  6350 | D:8      | Reached ** piety under Okawaru
  6412 | D:8      | 6412 ||| INVOKING Heroism.
  6578 | D:8      | 6578 ||| INVOKING Heroism.
  6881 | D:8      | 6881 ||| READING scroll of brand weapon.
  6881 | D:8      | 6881 ||| BRANDING +3 longbow of flaming.
  6989 | D:8      | 6989 ||| UPGRADING to amulet of regeneration.
  6994 | D:8      | 6994 ||| READING scroll labelled OHAIR QUPSIG.
  6995 | D:8      | 6995 ||| READING 4 scrolls of identify.
  6995 | D:8      | 6995 ||| IDENTIFYING fuming sapphire potion
  7034 | D:9      | Noticed Erolcha
  7035 | D:9      | 7035 ||| STAIRDANCE
  7052 | D:9      | 7052 ||| STAIRDANCE
  7056 | D:8      | Reached skill level 12 in Ranged Weapons
  7081 | D:9      | 7081 ||| STAIRDANCE
  7085 | D:8      | 7085 ||| Stepping randomly (disturbance).
  7086 | D:8      | 7086 ||| Stepping randomly (disturbance).
  7087 | D:8      | 7087 ||| Stepping randomly (disturbance).
  7091 | D:8      | 7091 ||| Stepping randomly (disturbance).
  7092 | D:8      | 7092 ||| Stepping randomly (disturbance).
  7093 | D:8      | 7093 ||| Stepping randomly (disturbance).
  7094 | D:8      | 7094 ||| Stepping randomly (disturbance).
  7098 | D:8      | HP: 7/79 [something (15)]
  7100 | D:8      | Slain by Erolcha

Levels and vault maps discovered:
D:1:      dpeg_arrival_refuge, layout_loops_ring, serial_shops, shop,
          dreamdust_ecumenical_altar_hidden_monk_grotto,
          chequers_serial_rivers_small_3, chequers_serial_rivers_large_a,
          minmay_misc_feat_columns
D:2:      layout_basic, uniq_terence
D:3:      layout_basic, uniq_robin
D:4:      layout_basic, nicolae_overflow_hidden_temple
D:5:      layout_loops_ring, serial_shops, nicolae_square_shop, st_stairs_4
D:6:      layout_cave_pods, overflow_temple_1_default, trog_hazing_becter,
          lemuel_doored_altar, minmay_temple_entry_glass, serial_glass,
          glass_columns_a, glass_columns_a
D:7:      layout_basic, elyvilon_altar_5, eino_tiny_chamber, uniq_joseph,
          uniq_maggie
D:8:      layout_layer_cave, enter_bailey_6
D:9:      layout_loops_corners, uniq_erolcha, uniq_gastronok
Temple:   hellmonk_temple_divided_pantheon

Skill      XL: |  1  2  3  4  5  6  7  8  9 |
---------------+----------------------------+-----
Ranged Weapons | 3 4 5 6 7 8 10 12 | 12.0
Fighting       | 2 3 4 5 7 |  7.6
Armour         | 1 2 4 |  4.0
Dodging        | 3 4 |  4.2
Invocations    | 2 4 |  4.0
Spellcasting   | |  1.0
Hexes          | |  2.0

Action                     |  1- 3 |  4- 6 |  7- 9 || total
---------------------------+-------+-------+-------++-------
   Fire: Sling             |   102 |    31 |       ||   133
         Longbow           |       |    70 |   199 ||   269
 Invoke: Heroism           |       |       |     7 ||     7
    Use: Scroll            |     2 |    10 |    10 ||    22
         Potion            |     1 |     6 |     2 ||     9
 Armour: Robe              |     3 |       |       ||     3
         Leather armour    |     1 |     7 |       ||     8
         Ring mail         |       |    27 |    28 ||    55
         Swamp dragon scal |       |       |    48 ||    48
  Dodge: Dodged            |    26 |    54 |   108 ||   188

Table legend:
 A = Non-vault XP
 B = Vault XP
 C = Vault XP percentage of total XP
 D = Non-vault monster count
 E = Vault monster count
 F = Vault count percentage of total count
                 A         B        C        D         E       F
            +---------+---------+-------+---------+---------+-------
      Total |    4060 |    1084 |  21.1 |     161 |      24 |  13.0
            +---------+---------+-------+---------+---------+-------
        D:1 |      47 |       0 |   0.0 |      25 |       0 |   0.0
        D:2 |      33 |      38 |  53.5 |      13 |       1 |   7.1
        D:3 |      38 |      40 |  51.3 |      15 |      13 |  46.4
        D:4 |      96 |       0 |   0.0 |       8 |       0 |   0.0
        D:5 |     353 |     116 |  24.7 |      11 |       2 |  15.4
        D:6 |     619 |      12 |   1.9 |      14 |       6 |  30.0
        D:7 |    1116 |     878 |  44.0 |      29 |       2 |   6.5
        D:8 |    1629 |       0 |   0.0 |      44 |       0 |   0.0
        D:9 |     129 |       0 |   0.0 |       2 |       0 |   0.0
            +---------+---------+-------+---------+---------+-------
